 Dungeon Crawl Stone Soup version 0.17-a0-1882-g750edc8 (webtiles) character file.

43062 johnspovegas the Blocker (level 14, 0/135 HPs)
             Began as a Gargoyle Fighter on Sept 22, 2015.
             Slain by a greater naga
             ... wielding a +0 club
              (3 damage)
             ... on level 3 of the Snake Pit on Sept 23, 2015.
             The game lasted 03:14:06 (17092 turns).

johnspovegas the Blocker (Gargoyle Fighter)        Turns: 17092, Time: 03:14:06

Health: 0/135      AC: 32    Str: 21    XL:     14   Next: 22%
Magic:  15/15      EV: -1    Int:  9    God:
Gold:   938        SH: 15    Dex: 13    Spells: 1 memorised, 9 levels left

rFire  . . .     SeeInvis .     M - +3 flail (protect)
rCold  + . .     Clarity  .     (armour currently unavailable)
rNeg   + + +     SustAt   +     c - +1 shield
rPois  ∞         Gourm    .     (helmet currently unavailable)
rElec  .         Spirit   .     (cloak currently unavailable)
rCorr  .         Warding  .     (gloves currently unavailable)
rMut   .         NoTele   +     (boots currently unavailable)
MR     +....                    (no amulet)
Stlth  +++.......               f - ring of sustain attributes
                                n - ring of protection from cold

@: tree-form, constricted, somewhat resistant to hostile enchantments, fairly
stealthy
A: (big wings), negative energy resistance 1, (electricity resistance),
(unbreathing), petrification resistance, rot immunity, AC +9
a: no special abilities


You were on level 3 of the Snake Pit.
You were not hungry.
You were a tree.
You visited 4 branches of the dungeon, and saw 19 of its levels.

You collected 938 gold pieces.

Inventory:

Hand weapons
 v - a +0 vampiric trident
 K - a +0 scimitar of venom
 M - a +3 flail of protection (weapon)
 T - a +1 scimitar of flaming
Armour
 b - a +1 pair of gloves (melded)
 c - a +1 shield (worn)
 o - a +2 pair of gloves
 p - a +0 helmet (melded)
 y - a +0 pair of gloves
 B - a +0 plate armour (melded)
 E - a +2 pair of boots (melded)
 Z - a +1 chain mail of fire resistance
Jewellery
 f - a ring of sustain attributes (right branch)
 n - a ring of protection from cold (left branch)
 t - an uncursed ring of flight
 D - an uncursed ring of stealth {unknown}
Magical devices
 m - a wand of confusion (9)
 r - a wand of enslavement (0)
 s - a wand of disintegration (9)
 u - a wand of disintegration (14)
 x - a wand of lightning (0)
 F - a wand of lightning (3)
 H - a wand of fire (4)
 I - a wand of frost (17)
 J - a wand of flame (26)
 N - a wand of slowing (22)
 P - a wand of lightning (7)
 Q - a wand of frost (30)
Scrolls
 k - 3 scrolls of blinking
 L - 10 scrolls of remove curse
 X - 7 scrolls of magic mapping
Potions
 d - a potion of might
 g - 3 potions of agility
 h - 4 potions of brilliance
 l - 4 potions of invisibility
 z - 3 potions of flight
 G - a potion of magic
 W - a potion of mutation {unknown}
Books
 a - a book of Annihilations

   Spells                             Type                      Level
   a - Poison Arrow                   Conjuration/Poison           6
   b - Chain Lightning                Conjuration/Air              8
   c - Lehudib's Crystal Spear        Conjuration/Earth            8
   d - Glaciate                       Conjuration/Ice              9
   e - Fire Storm                     Conjuration/Fire             9
 C - a book of Unlife

   Spells                             Type                      Level
   a - Recall                         Summoning/Translocation      3
   b - Animate Dead                   Necromancy                   4
   c - Control Undead                 Necromancy                   4
   d - Cigotuvi's Embrace             Necromancy                   5
   e - Death Channel                  Necromancy                   6
   f - Simulacrum                     Ice/Necromancy               6
 S - a book of Party Tricks

   Spells                             Type                      Level
   a - Summon Butterflies             Summoning                    1
   b - Apportation                    Translocation                1
   c - Tukima's Dance                 Hexes                        3
   d - Alistair's Intoxication        Transmutation/Poison         4
   e - Invisibility                   Hexes                        6
 U - a book of Transfigurations

   Spells                             Type                      Level
   a - Stoneskin                      Transmutation/Earth          2
   b - Irradiate                      Conjuration/Transmutation    5
   c - Statue Form                    Transmutation/Earth          6
   d - Hydra Form                     Transmutation                6
   e - Dragon Form                    Transmutation                7
 V - a book of Beasts

   Spells                             Type                      Level
   a - Summon Butterflies             Summoning                    1
   b - Call Canine Familiar           Summoning                    3
   c - Summon Ice Beast               Ice/Summoning                4
   d - Summon Mana Viper              Hexes/Summoning              5
   e - Summon Hydra                   Summoning                    7
Miscellaneous
 O - a plain deck of destruction
Comestibles
 e - 8 bread rations
 i - 6 beef jerkies
 q - 4 fruits
 R - 3 meat rations


   Skills:
 + Level 11.2 Fighting
 + Level 12.6 Maces & Flails
 + Level 11.9 Armour
 + Level 4.0 Dodging
 + Level 2.8 Stealth
 + Level 14.9 Shields
 + Level 1.9 Evocations


You had 9 spell levels left.
You knew the following spells:

 Your Spells              Type           Power        Failure   Level  Hunger
a - Alistair's Intoxicat  Trmt/Pois      #.......     100%        4    #####..


Dungeon Overview and Level Annotations

Branches:
Dungeon (10/15)            Temple (0/1) D:4            Lair (5/8) D:9
 Shoals (1/4) Lair:3        Snake (3/4) Lair:5
    Orc: D:9-12

Altars:
Qazlal
Xom
The Shining One

Annotations:
Lair:5 exclusion: 2 oklob plants


Innate Abilities, Weirdness & Mutations

You are resistant to torment.
((Your stone body is resilient (AC +9).))
You are immune to poison.
((Your large and strong wings let you fly indefinitely.))
You resist negative energy.
((You are resistant to electric shocks.))
((You can survive without breathing.))
You are immune to petrification.
You are immune to rotting.


Message History

You hit the greater naga.
The greater naga is lightly wounded.
You block the black mamba's attack.
The greater naga points at you and mumbles some strange words.
You feel a strange sense of stasis. The greater naga constricts you.
You hit the greater naga.
The greater naga is lightly wounded.
The black mamba bites you but does no damage.
The greater naga points at you and mumbles some strange words.
You block the poison arrow. The greater naga constricts you.
The black mamba bites you but does no damage.
Zapping:
r - a wand of enslavement {zapped: 12} (will waste charges)
Press: ? - help, Shift-Dir - straight line, f - greater naga
Aim: a greater naga, wielding a club and wearing a robe (lightly wounded, constricting you, fast, chance to defeat MR: 0%)
The greater naga resists with almost no effort.
Evoking this partially-identified wand wasted a few charges.
You block the black mamba's attack. The greater naga spits poison at you.
The splash of poison hits you! You resist.
You die...

......(....#
#..#...S.#
#......#
#..#..##
#####.###.#
#.....#...#
#....#..###
#...S..##
#.?♣N###
#.†### #....
#....#.
#...... #...
.. #.. ...
#.. ...


You could see a greater naga and a black mamba.

Vanquished Creatures
  A greater naga (Snake:2)
  A merfolk impaler (Shoals:1)
  2 hydras (D:9)
  2 naga warriors
  4 anacondas
  Erica (D:8)
  A catoblepas (Lair:3)
  3 naga sharpshooters
  3 shock serpents
  Nergalle (Lair:3)
  2 naga ritualists
  A manticore (Shoals:1)
  2 salamanders
  A griffon (Lair:3)
  An ugly thing (D:8)
  3 elephants (Lair:4)
  A siren (Lair:3)
  7 naga magi
  Joseph (D:9)
  4 spiny frogs
  18 black mambas
  A guardian serpent (Snake:1)
  A komodo dragon (Lair:1)
  7 merfolk
  A two-headed ogre (D:9)
  Prince Ribbit (D:9)
  2 orc warriors (D:6)
  A basilisk (Lair:3)
  A water elemental (Shoals:1)
  22 yaks
  A wyvern (Lair:5)
  13 wolves
  A hungry ghost (D:8)
  9 nagas
  Edmund (D:5)
  5 hippogriffs
  6 water moccasins
  2 phantoms
  4 sky beasts
  5 porcupines
  An ice beast (D:8)
  8 crocodiles
  6 centaurs
  A big kobold (D:9)
  7 ogres
  13 giant frogs
  2 scorpions (D:8)
  4 wights (D:8)
  8 killer bees
  An electric eel (Lair:3)
  A centaur zombie (D:7)
  3 hounds
  3 crimson imps
  A wasp zombie (D:9)
  3 orc priests
  3 orc wizards
  2 giant frog skeletons
  8 worker ants
  10 iguanas
  19 sheep
  3 worker ant zombies
  6 gnolls
  22 river rats
  3 adders
  3 shadow imps
  An ooze (D:3)
  2 adder skeletons
  A worm (D:2)
  6 giant geckos
  9 orcs
  2 ball pythons
  5 giant cockroaches
  8 goblins
  2 hobgoblins
  4 jackals
  5 quokkas
  4 bats
  3 giant newts
  2 jackal zombies (D:5)
  7 kobolds
  10 rats
  3 fungi
  4 plants
363 creatures vanquished.

Vanquished Creatures (collateral kills)
  A giant frog (D:6)
  An orc wizard (D:6)
  2 orcs (D:6)
4 creatures vanquished.

Vanquished Creatures (others)
  A rat (D:3)
  4 fungi
  2 plants
7 creatures vanquished.

Grand Total: 374 creatures vanquished

Notes
Turn   | Place    | Note
--------------------------------------------------------------
     0 | D:1      | johnspovegas the Gargoyle Fighter began the quest for the Orb.
     0 | D:1      | Reached XP level 1. HP: 14/14 MP: 1/1
   217 | D:1      | Reached XP level 2. HP: 19/19 MP: 2/2
   881 | D:2      | Reached skill level 4 in Shields
   881 | D:2      | Reached XP level 3. HP: 21/23 MP: 3/3
  1068 | D:2      | Found a shimmering altar of Xom.
  1392 | D:3      | Reached XP level 4. HP: 6/29 MP: 4/4
  1752 | D:3      | Reached XP level 5. HP: 33/33 MP: 5/5
  2011 | D:4      | Reached skill level 1 in Dodging
  2086 | D:4      | Reached XP level 6. HP: 33/38 MP: 6/6
  2570 | D:4      | Found a staircase to the Ecumenical Temple.
  2636 | D:4      | Reached skill level 5 in Shields
  2704 | D:5      | Entered Level 5 of the Dungeon
  2752 | D:5      | Reached XP level 7. HP: 9/44 MP: 7/7
  3053 | D:5      | Reached skill level 5 in Armour
  3063 | D:5      | Found a glowing golden altar of the Shining One.
  3718 | D:5      | Noticed Edmund
  3749 | D:5      | Killed Edmund
  3749 | D:5      | Reached skill level 5 in Fighting
  3749 | D:5      | Reached skill level 6 in Shields
  3964 | D:6      | Reached XP level 8. HP: 43/49 MP: 8/8
  4533 | D:6      | Reached skill level 5 in Maces & Flails
  4533 | D:6      | Reached skill level 7 in Shields
  4945 | D:6      | Got a crude trident
  5045 | D:6      | Reached XP level 9. HP: 42/55 MP: 9/9
  5175 | D:7      | Found a stormy altar of Qazlal.
  6092 | D:7      | Reached skill level 8 in Shields
  6094 | D:7      | Reached skill level 1 in Stealth
  6108 | D:7      | Reached skill level 1 in Evocations
  6994 | D:8      | Noticed Erica
  7033 | D:8      | Killed Erica
  7033 | D:8      | Reached XP level 10. HP: 45/63 MP: 3/10
  7063 | D:8      | Reached skill level 9 in Shields
  7233 | D:8      | Noticed a purple ugly thing
  7247 | D:8      | Killed a purple ugly thing
  7375 | D:9      | Noticed Joseph
  7396 | D:9      | Killed Joseph
  7453 | D:9      | Found a staircase to the Lair.
  7650 | D:9      | Noticed Prince Ribbit
  7742 | D:9      | Killed Prince Ribbit
  8069 | Lair:1   | Entered Level 1 of the Lair of Beasts
  8069 | Lair:1   | Noticed a four-headed hydra
  8121 | D:10     | Entered Level 10 of the Dungeon
  8591 | D:9      | Killed a four-headed hydra
  8591 | D:9      | Reached skill level 10 in Shields
  8728 | Lair:1   | Reached XP level 11. HP: 64/68 MP: 3/11
  8835 | Lair:1   | Noticed a four-headed hydra
 10027 | D:9      | Killed a four-headed hydra
 10563 | Lair:2   | Reached skill level 11 in Shields
 11225 | Lair:3   | Reached skill level 10 in Maces & Flails
 11232 | Lair:3   | Reached skill level 10 in Armour
 11295 | Lair:3   | Reached XP level 12. HP: 57/75 MP: 12/12
 11340 | Lair:3   | Noticed Nergalle
 11366 | Lair:3   | Noticed a spectral orc warlord
 11386 | Lair:3   | Killed Nergalle
 11386 | Lair:3   | Reached skill level 12 in Shields
 11443 | Lair:3   | Noticed a catoblepas
 11467 | Lair:3   | Killed a catoblepas
 11578 | Lair:3   | Found a staircase to the Shoals.
 11643 | Shoals:1 | Entered Level 1 of the Shoals
 11765 | Shoals:1 | Noticed a merfolk impaler
 11789 | Shoals:1 | Killed a merfolk impaler
 12074 | Shoals:1 | Noticed an alligator snapping turtle
 12751 | Lair:4   | Found a labyrinth entrance.
 12790 | Lair:4   | Reached skill level 13 in Shields
 12878 | Lair:4   | Reached skill level 10 in Fighting
 12889 | Lair:4   | Reached XP level 13. HP: 82/82 MP: 13/13
 13398 | Lair:5   | Learned a level 4 spell: Alistair's Intoxication
 13586 | Lair:5   | Found a staircase to the Snake Pit.
 13879 | Snake:1  | Entered Level 1 of the Snake Pit
 15414 | Snake:1  | Reached skill level 14 in Shields
 16206 | Snake:2  | Noticed a greater naga
 16332 | Snake:2  | Killed a greater naga
 16510 | Snake:2  | Gained mutation: Your large and strong wings let you fly indefinitely. [Gargoyle growth]
 16510 | Snake:2  | Reached XP level 14. HP: 84/90 MP: 15/15
 17056 | Snake:3  | Noticed a greater naga
 17088 | Snake:3  | HP: 2/135 [greater naga/club (5)]
 17092 | Snake:3  | Slain by a greater naga

Vault maps used:
D:1:      dpeg_arrival_erosion, serial_corexii_hall, corexii_hall_statues_u,
          corexii_hall_statues_l, patterned_corridor
D:2:      lemuel_statue_altar
D:3:      first_bread, lemuel_old_faithful
D:4:      minmay_temple_entry_enclosed_plants
D:5:      lemuel_altar_in_water2, uniq_edmund
D:6:      amalloy_card_club
D:7:      overflow_temple_1_default, kennysheep_generic_room_7
D:8:      uniq_erica
D:9:      minmay_lair_entry_lava, uniq_joseph, uniq_prince_ribbit1
D:10:     serial_shops, shop_fountains, serial_glass, glass_columns_c,
          glass_columns_a, hangedman_ranch
Lair:1:   infiniplex_staircase_pool
Lair:2:   serial_bayou_shore_a
Lair:3:   elwin_shoals_entry_rooms, grunt_megastairs_4, uniq_nergalle
Lair:4:   lab_entry_generic
Lair:5:   minmay_lair_oklob_tunnel, dummy_snake_entry, small_statue_intersection
Shoals:1: nicolae_shoals_mertower
Snake:1:  grunt_megastairs_2
Snake:3:  dpeg_oklob_gauntlet, st_stairs_9, serial_bayou_pond_b,
          lemuel_fruit_tree

Action                   |  1- 3 |  4- 6 |  7- 9 | 10-12 | 13-15 || total
-------------------------+-------+-------+-------+-------+-------++-------
Melee: Flail             |   147 |   145 |   489 |  1167 |   536 ||  2484
Evoke: Wand              |       |     1 |     8 |     3 |     9 ||    21
  Use: Scroll            |       |     8 |     6 |    15 |     8 ||    37
       Potion            |       |       |       |    12 |     5 ||    17
 Stab: Confused          |       |       |       |       |     1 ||     1
  Eat: Meat ration       |     1 |     1 |       |     2 |     2 ||     6
       Chunk             |       |       |     4 |     9 |     2 ||    15
       Royal jelly       |       |       |     1 |       |     1 ||     2
       Pizza             |       |       |     3 |       |       ||     3
       Bread ration      |       |       |       |     1 |       ||     1
       Beef jerky        |       |       |       |     1 |       ||     1
       Fruit             |       |       |       |       |     2 ||     2
